[Event "Titled Tuesday Blitz November 22 Early 2022"]
[White "Salman, Pavel"]
[Black "Rosenberg, Evan S"]
[WhiteFideId "24153753"]
[BlackFideId "2019299"]
[WhiteElo "2187"]
[BlackElo "2367"]
[Result "1-0"]
[Round "07"]
[TimeControl "180+1"]
[Date "2022.11.23"]
[WhiteClock "0:00:47"]
[BlackClock "0:00:12"]

1. Nf3 d5 2. g3 Nd7 3. Bg2 e5 4. d3 Ngf6 5. O-O Bd6 6. Nbd2 O-O 7. e4 c6 8. Nh4 Re8 9. Kh1 Nc5 10. Qe2 Bg4 11. f3 Be6 12. b4 Na4 13. a3 Nc3 14. Qe1 Qd7 15. Nb3 d4 16. Nc5 Bxc5 17. bxc5 h6 18. f4 Bh3 19. f5 Bxg2+ 20. Nxg2 Qe7 21. g4 Nxg4 22. Qg3 h5 23. h3 Ne2 24. Qf3 Nxc1 25. hxg4 hxg4 26. Qxg4 Qxc5 27. Raxc1 Qxa3 28. Nh4 Kf8 29. f6 g6 30. Nxg6+ fxg6 31. Qxg6 Re6 32. Qg7+ Ke8 33. f7+ 1-0


[Site "https://www.chess.com"]

[Event "Titled Tuesday Blitz November 22 Early 2022"]
[White "Sarana, Alexey"]
[Black "Dardha, Daniel"]
[WhiteFideId "24133795"]
[BlackFideId "240990"]
[WhiteElo "2708"]
[BlackElo "2528"]
[Result "0-1"]
[Round "07"]
[TimeControl "180+1"]
[Date "2022.11.22"]
[WhiteClock "0:00:08"]
[BlackClock "0:00:20"]

1. c4 e6 2. Nc3 d5 3. d4 Be7 4. Nf3 Nf6 5. g3 O-O 6. Bg2 dxc4 7. Ne5 c5 8. dxc5 Qxd1+ 9. Nxd1 Bxc5 10. O-O Nc6 11. Bxc6 bxc6 12. Be3 Bxe3 13. Nxe3 c3 14. b3 Ba6 15. N3c4 Nd5 16. Rfc1 f5 17. Rc2 c5 18. f3 Rfd8 19. Kf2 Bb5 20. Na3 a6 21. Nec4 Rab8 22. h3 Kf7 23. e4 fxe4 24. fxe4 Nf6 25. Nxb5 axb5 26. Ne5+ Ke8 27. Nc6 b4 28. Nxb8 Rxb8 29. Re1 Ke7 30. e5 Nd5 31. Ke2 Rf8 32. h4 Rf5 33. g4 Rf4 34. Rg1 Re4+ 35. Kd3 Rd4+ 36. Ke2 Kd7 37. h5 Re4+ 38. Kd3 Re3+ 39. Kc4 Kc6 40. a3 Nb6# 0-1


[Site "https://www.chess.com"]

[Event "Titled Tuesday Blitz November 22 Early 2022"]
[White "Saravana, Krishnan P."]
[Black "Nanditha, V"]
[WhiteFideId "5018382"]
[BlackFideId "46626697"]
[WhiteElo "2155"]
[BlackElo "1564"]
[Result "1-0"]
[Round "07"]
[TimeControl "180+1"]
[Date "2022.11.23"]
[WhiteClock "0:01:17"]
[BlackClock "0:01:06"]

1. d4 d5 2. Nf3 e6 3. e3 Be7 4. Bd3 c6 5. Nbd2 f5 6. h3 Nf6 7. b3 O-O 8. Bb2 Bd7 9. g4 Ne4 10. Ne5 Bh4 11. O-O Bxf2+ 12. Rxf2 Nxf2 13. Kxf2 fxg4+ 14. Kg3 Qg5 15. Qxg4 Qxe3+ 16. Ndf3 Be8 17. Bc1 h5 18. Qxe6+ Bf7 19. Qxf7+ Rxf7 20. Bxe3 1-0


[Site "https://www.chess.com"]

[Event "Titled Tuesday Blitz November 22 Early 2022"]
[White "Seo, Jung Min"]
[Black "Madaminov, Mukhiddin"]
[WhiteFideId "1734687"]
[BlackFideId "14210703"]
[WhiteElo "2455"]
[BlackElo "2341"]
[Result "1-0"]
[Round "07"]
[TimeControl "180+1"]
[Date "2022.11.22"]
[WhiteClock "0:00:16"]
[BlackClock "0:00:01"]

1. e4 e5 2. Nf3 Nc6 3. Bb5 a6 4. Ba4 Nf6 5. O-O Nxe4 6. d4 b5 7. Bb3 d5 8. dxe5 Be6 9. Nbd2 Be7 10. c3 O-O 11. Bc2 f5 12. exf6 Nxf6 13. h3 Qd7 14. Nb3 Bd6 15. Ng5 Bf5 16. Bxf5 Qxf5 17. Qf3 Qg6 18. Ne6 Rfe8 19. Nf4 Qf5 20. g4 Qe5 21. Qg2 Ne4 22. Nd3 Qf6 23. Be3 Rf8 24. Nd4 Nxd4 25. cxd4 Rae8 26. Rae1 h6 27. f4 c6 28. b3 Kh7 29. Kh1 Qh4 30. Kg1 a5 31. Ne5 Nc3 32. Bd2 Ne4 33. Be3 Bb4 34. Rc1 Bc3 35. Nxc6 b4 36. Ne5 Qd8 37. f5 Qb6 38. Nd7 Qa6 39. Nxf8+ Rxf8 40. Rcd1 Re8 41. h4 Nf6 42. Rf3 Re4 43. g5 Rg4 44. Rg3 Rxg3 45. Qxg3 Qe2 46. Rf1 Nd7 47. f6 gxf6 48. gxf6 Nxf6 49. Rxf6 Bxd4 50. Rf7+ Kh8 51. Bxd4+ Qe5 52. Bxe5# 1-0


[Site "https://www.chess.com"]

[Event "Titled Tuesday Blitz November 22 Early 2022"]
[White "Shapiro, Daniel"]
[Black "Torres Dominguez, David"]
[WhiteFideId "2001780"]
[BlackFideId "2220857"]
[WhiteElo "2317"]
[BlackElo "2037"]
[Result "0-1"]
[Round "07"]
[TimeControl "180+1"]
[Date "2022.11.23"]
[WhiteClock "0:00:05"]
[BlackClock "0:00:36"]

1. d4 e5 2. dxe5 d6 3. Bf4 Nc6 4. exd6 Qf6 5. Qc1 Bxd6 6. Bg5 Qg6 7. Nf3 Bg4 8. Nbd2 Nge7 9. e3 f6 10. Bd3 Qf7 11. Bh4 O-O-O 12. Bg3 h5 13. Ne4 Bb4+ 14. Kf1 h4 15. Nxh4 g5 16. Nf3 Nf5 17. h3 Bh5 18. a3 Ba5 19. Bh2 Bxf3 20. gxf3 Nh4 21. Ke2 Ne5 22. Bxe5 fxe5 23. Nxg5 Qh5 24. Rg1 Rhg8 25. e4 Rdf8 26. Rg3 Ng6 27. b4 Nf4+ 28. Kd1 Bb6 29. h4 Bxf2 30. Rg4 Bxh4 31. Rxf4 exf4 32. Ne6 Qxf3+ 33. Kd2 Qe3+ 34. Kc3 Bf6+ 35. Kb3 Re8 36. Qxe3 fxe3 37. Nf4 Bxa1 0-1


[Site "https://www.chess.com"]

[Event "Titled Tuesday Blitz November 22 Early 2022"]
[White "Skibbe, Willi"]
[Black "Golubev, Mikhail"]
[WhiteFideId "4682190"]
[BlackFideId "14100983"]
[WhiteElo "2366"]
[BlackElo "2374"]
[Result "0-1"]
[Round "07"]
[TimeControl "180+1"]
[Date "2022.11.23"]
[WhiteClock "0:00:16"]
[BlackClock "0:00:14"]

1. Nf3 d6 2. d4 Nf6 3. c4 g6 4. Nc3 Bg7 5. e4 O-O 6. Be2 e5 7. Be3 exd4 8. Nxd4 Re8 9. Qc2 Nc6 10. Nxc6 bxc6 11. O-O Ng4 12. Bxg4 Bxg4 13. h3 Be6 14. b3 f5 15. Rad1 fxe4 16. Nxe4 Bf5 17. f3 Qe7 18. Bd4 Bxe4 19. fxe4 Bxd4+ 20. Rxd4 c5 21. Rd2 Qxe4 22. Qb2 Qe5 23. Qc2 Rf8 24. Rfd1 Rae8 25. Qd3 Rf4 26. Qd5+ Qxd5 27. Rxd5 Re2 28. R5d2 Rff2 29. Rxe2 Rxe2 30. Ra1 Kg7 31. Kf1 Rb2 32. Re1 Kf7 33. Re2 Rxe2 34. Kxe2 Ke6 35. Ke3 Ke5 36. g3 g5 37. a3 a5 38. Kd3 h5 39. Ke3 h4 40. gxh4 gxh4 41. Kf3 Kf5 42. Ke3 c6 43. Kf3 d5 44. Ke3 Ke5 45. a4 d4+ 46. Kf3 Kf5 0-1


[Site "https://www.chess.com"]

[Event "Titled Tuesday Blitz November 22 Early 2022"]
[White "Skliarov, Viktor"]
[Black "Stribuk, Artiom"]
[WhiteFideId "14106736"]
[BlackFideId "13515659"]
[WhiteElo "2284"]
[BlackElo "2371"]
[Result "1-0"]
[Round "07"]
[TimeControl "180+1"]
[Date "2022.11.23"]
[WhiteClock "0:00:12"]
[BlackClock "0:00:03"]

1. e4 c5 2. Nf3 Nc6 3. Bb5 e6 4. Bxc6 bxc6 5. d3 Ne7 6. Qe2 d6 7. e5 f6 8. exd6 Nf5 9. Nc3 Bxd6 10. Ne4 Be7 11. O-O O-O 12. b3 Nd4 13. Nxd4 cxd4 14. f4 Qd5 15. a4 c5 16. Bd2 Bb7 17. Rae1 Rae8 18. Ng3 Bd6 19. Qe4 f5 20. Qxd5 Bxd5 21. Rf2 h6 22. Bc1 Kf7 23. Nf1 Rg8 24. Nd2 g5 25. Nc4 Bxc4 26. dxc4 Rg6 27. Kf1 gxf4 28. Bxf4 e5 29. Bd2 Ke6 30. c3 e4 31. cxd4 cxd4 32. b4 Be5 33. c5 Rc8 34. Bf4 Bg7 35. g3 Kd5 36. Rb1 d3 37. Bd6 Rf6 38. Bf4 Rf7 39. Ra2 Bd4 40. Ke1 e3 41. Ra3 Ke4 42. Rbb3 d2+ 43. Ke2 Rd7 44. Bxe3 Bc3 45. Rb1 Rcd8 46. Rd1 Bxb4 47. Rb3 a5 48. Bf4 Rd3 49. Rxd3 Rxd3 50. Bxd2 Rb3 51. Bxb4 Rxb4 52. Rc1 Rb2+ 53. Kd1 Rb8 54. c6 Rc8 55. c7 Kd5 56. Ke2 Kd6 57. Kf3 Rxc7 58. Rxc7 Kxc7 59. Kf4 Kc6 60. Kxf5 Kc5 61. Kg6 Kb4 62. Kxh6 Kxa4 63. g4 Kb4 64. g5 a4 65. g6 a3 66. g7 a2 67. g8=Q a1=Q 68. Qb8+ Kc5 69. Qc7+ Kb4 70. Qb6+ Kc4 71. Qc6+ Kb4 72. Qd6+ Kc4 73. Qe6+ Kb4 74. Qe4+ Kb3 75. h4 Qc1+ 76. Kh5 Qc5+ 77. Kg4 Ka2 78. h5 Qg1+ 79. Kf5 Qf2+ 80. Kg6 Qb6+ 81. Kg5 Qc5+ 82. Qf5 Qe3+ 83. Kg6 Ka1 84. h6 Qg1+ 85. Kh7 Qa7+ 86. Kg8 Qb8+ 87. Kg7 Qc7+ 88. Qf7 Qg3+ 89. Kf8 Qb8+ 90. Qe8 Qf4+ 91. Kg7 Qg5+ 92. Kh7 Qf5+ 93. Qg6 Qb5 94. Qg7+ Ka2 95. Qf7+ Ka1 96. Kg8 Qb8+ 97. Qf8 Qg3+ 98. Qg7+ Qxg7+ 99. Kxg7 1-0


[Site "https://www.chess.com"]

[Event "Titled Tuesday Blitz November 22 Early 2022"]
[White "Stijve, Theo"]
[Black "Artemenko, Oleg"]
[WhiteFideId "1331132"]
[BlackFideId "14201798"]
[WhiteElo "2256"]
[BlackElo "2287"]
[Result "0-1"]
[Round "07"]
[TimeControl "180+1"]
[Date "2022.11.23"]
[WhiteClock "0:00:13"]
[BlackClock "0:01:02"]

1. Nf3 e6 2. c4 Nf6 3. g3 b6 4. Bg2 Bb7 5. O-O Be7 6. Nc3 O-O 7. d4 Ne4 8. Nd2 Nxc3 9. bxc3 Bxg2 10. Kxg2 Nc6 11. e4 Na5 12. Qe2 f5 13. e5 c6 14. Nb3 Nxb3 15. axb3 a5 16. f4 Qc7 17. Rd1 Qb7 18. Qf3 b5 19. cxb5 Qxb5 20. c4 Qb7 21. Ba3 Bxa3 22. Rxa3 Rfb8 23. Rda1 Qb4 24. R1a2 Ra7 25. d5 cxd5 26. cxd5 Rc8 27. dxe6 dxe6 28. Ra4 Qe1 29. Qf2 Qxf2+ 30. Kxf2 Rb7 31. Rxa5 Rxb3 32. Ra7 Kf8 33. Rd7 Rbc3 34. Kg2 Rc2+ 35. Rxc2 Rxc2+ 36. Kh3 h6 37. Ra7 g5 38. fxg5 hxg5 39. Ra6 Kf7 40. Rd6 Re2 41. Ra6 Rxe5 42. Kg2 Re2+ 43. Kg1 g4 44. Ra8 Kf6 45. Rf8+ Ke5 46. Rh8 Ke4 47. Ra8 e5 48. Ra1 f4 49. gxf4 exf4 50. Ra3 Rd2 51. Ra4+ Ke3 52. Ra1 f3 53. Rf1 Rg2+ 54. Kh1 Rf2 55. Rg1 Re2 56. Rf1 Kf4 57. Kg1 g3 58. hxg3+ Kxg3 59. Ra1 Rg2+ 60. Kf1 Rh2 61. Kg1 f2+ 62. Kf1 Rh1+ 0-1


[Site "https://www.chess.com"]

[Event "Titled Tuesday Blitz November 22 Early 2022"]
[White "Streltsov, Alexey"]
[Black "Orzech, Dominik"]
[WhiteFideId "24104434"]
[BlackFideId "1115065"]
[WhiteElo "2542"]
[BlackElo "2272"]
[Result "1-0"]
[Round "07"]
[TimeControl "180+1"]
[Date "2022.11.23"]
[WhiteClock "0:00:44"]
[BlackClock "0:00:42"]

1. d4 Nf6 2. Nc3 c5 3. d5 e6 4. e4 exd5 5. exd5 d6 6. Nf3 g6 7. Bf4 Bg7 8. Nb5 Ne4 9. Bd3 Qa5+ 10. c3 O-O 11. O-O Rd8 12. a4 a6 13. Bxe4 axb5 14. axb5 Qxa1 15. Qxa1 Rxa1 16. Rxa1 Bf8 17. h3 Nd7 18. c4 Bg7 19. Bxd6 Nf6 20. Be7 Re8 21. Bxf6 Rxe4 22. Bxg7 Kxg7 23. b3 Bf5 24. Ra7 Re7 25. d6 1-0


[Site "https://www.chess.com"]

[Event "Titled Tuesday Blitz November 22 Early 2022"]
[White "Szyszylo, Rafal"]
[Black "Mesa Cruz, Juan Carlos"]
[WhiteFideId "1109626"]
[BlackFideId "6423400"]
[WhiteElo "1981"]
[BlackElo "2059"]
[Result "1-0"]
[Round "07"]
[TimeControl "180+1"]
[Date "2022.11.23"]
[WhiteClock "0:00:14"]
[BlackClock "0:00:05"]

1. e4 c5 2. Nf3 d6 3. d4 cxd4 4. Nxd4 Nf6 5. Nc3 a6 6. Bc4 e6 7. Bb3 Be7 8. O-O O-O 9. f4 Nbd7 10. f5 Nc5 11. fxe6 fxe6 12. Nf5 Nxb3 13. Nxe7+ Qxe7 14. axb3 Bd7 15. Bg5 Bc6 16. Qe2 Rf7 17. Rad1 Raf8 18. h3 Qc7 19. Qe3 Qa5 20. Bxf6 Rxf6 21. Rxf6 Rxf6 22. Rxd6 Qa1+ 23. Nd1 Qa5 24. Nf2 Qe5 25. Rd8+ Kf7 26. Ng4 Qc7 27. Rd2 Qf4 28. Qe2 Rg6 29. Qf2 Qxf2+ 30. Rxf2+ Ke7 31. Ne5 Rg3 32. Re2 Kd6 33. Nf7+ Ke7 34. Kf2 Rg6 35. Ne5 Rf6+ 36. Ke3 Kd6 37. Nf3 e5 38. Rd2+ Ke6 39. g3 h6 40. h4 Bb5 41. c4 Bc6 42. h5 Rf7 43. Rd1 Be8 44. Rd5 Rf8 45. Rxe5+ Kd6 46. Rd5+ Ke6 47. Nd4+ Ke7 48. g4 Bd7 49. Nf5+ Kf6 50. Rxd7 1-0


[Site "https://www.chess.com"]

[Event "Titled Tuesday Blitz November 22 Early 2022"]
[White "Tanenbaum, Zachary"]
[Black "Osinovsky, Stepan"]
[WhiteFideId "2060850"]
[BlackFideId "4157354"]
[WhiteElo "2175"]
[BlackElo "2222"]
[Result "1-0"]
[Round "07"]
[TimeControl "180+1"]
[Date "2022.11.23"]
[WhiteClock "0:02:26"]
[BlackClock "0:01:25"]

1. e4 e5 2. Nf3 Nc6 3. Bc4 Nf6 4. d3 Be7 5. O-O d5 6. exd5 Nxd5 7. Re1 Bg4 8. h3 Bh5 9. Bb5 O-O 10. Bxc6 bxc6 11. Rxe5 Bxf3 12. Qxf3 Bf6 13. Re2 Qd7 14. Nd2 Rab8 15. c3 Nxc3 16. bxc3 Bxc3 17. Rb1 Bxd2 18. Rxb8 Bxc1 19. Rxf8+ Kxf8 20. Qe4 Bb2 21. Qb4+ 1-0


[Site "https://www.chess.com"]

[Event "Titled Tuesday Blitz November 22 Early 2022"]
[White "Tang, Andrew"]
[Black "Kosakowski, Jakub"]
[WhiteFideId "2059630"]
[BlackFideId "1185080"]
[WhiteElo "2581"]
[BlackElo "2463"]
[Result "0-1"]
[Round "07"]
[TimeControl "180+1"]
[Date "2022.11.22"]
[WhiteClock "0:00:02"]
[BlackClock "0:00:38"]

1. d4 d5 2. Bf4 c5 3. e3 Nc6 4. Nf3 Nf6 5. Nbd2 cxd4 6. exd4 Bf5 7. Bb5 Rc8 8. Ne5 Qb6 9. Bxc6+ bxc6 10. Nb3 e6 11. O-O Be7 12. c4 O-O 13. Rc1 Rfd8 14. Bd2 Qa6 15. Ba5 Re8 16. Qd2 Ne4 17. Qe1 f6 18. Nd7 dxc4 19. f3 cxb3 20. fxe4 Bg6 21. axb3 Qd3 22. Qf2 Qxe4 23. Rfe1 Qd5 24. Nc5 Bd6 25. b4 e5 26. dxe5 Bxe5 27. Rcd1 Qf7 28. h3 h6 29. Re2 Qc4 30. Rde1 Bd4 0-1


[Site "https://www.chess.com"]

[Event "Titled Tuesday Blitz November 22 Early 2022"]
[White "Tologon tegin, Semetei"]
[Black "Kamsky, Gata"]
[WhiteFideId "13800574"]
[BlackFideId "2000024"]
[WhiteElo "2282"]
[BlackElo "2666"]
[Result "0-1"]
[Round "07"]
[TimeControl "180+1"]
[Date "2022.11.22"]
[WhiteClock "0:00:09"]
[BlackClock "0:00:09"]

1. e4 c6 2. d4 d5 3. e5 Bf5 4. c4 e6 5. Nc3 Ne7 6. h3 h6 7. Nf3 Nd7 8. b3 Bg6 9. Be2 Nf5 10. O-O Bb4 11. Bb2 O-O 12. a3 Be7 13. cxd5 cxd5 14. Rc1 a6 15. Bd3 Bg5 16. Rc2 Rc8 17. Na4 Be7 18. Nc3 Nb8 19. Ne2 Nc6 20. b4 Nh4 21. Nxh4 Bxd3 22. Qxd3 Bxh4 23. f4 f5 24. exf6 Bxf6 25. f5 exf5 26. Rxf5 Ne7 27. Rxc8 Qxc8 28. Rf3 Qc4 29. Bc1 Qxd3 30. Rxd3 Rc8 31. Bf4 Rc2 32. Kf1 Nc6 33. Ke1 Kf7 34. Kd1 Ra2 35. Be3 g5 36. Bc1 Ke6 37. g4 b5 38. Nc3 Rh2 39. Ne2 Bg7 40. Bd2 Kd7 41. Be1 Rh1 42. Kd2 Rh2 43. Kd1 Ne7 44. Rf3 Ke6 45. Re3+ Kd7 46. Rf3 Ke6 47. Re3+ Kf7 48. Rf3+ Bf6 49. Kd2 Ke6 50. Kd3 Nc8 51. Re3+ Kd7 52. Rf3 Ke6 53. Re3+ Kd7 54. Rf3 Be7 55. Nc3 Nb6 56. Rf7 Rxh3+ 57. Kc2 Ke6 58. Rh7 Bf6 59. Bf2 Rh2 60. Nd1 Bxd4 61. Kd3 Bxf2 62. Nxf2 Rxf2 63. Rxh6+ Ke5 64. Rxb6 Rf3+ 65. Ke2 Rxa3 66. Rg6 Kf4 67. Rd6 Ra4 68. Rxd5 Rxb4 69. Rd6 Ra4 70. Rb6 Kxg4 71. Kf2 b4 72. Ke3 a5 73. Rb5 Ra3+ 74. Kd2 b3 75. Kc3 a4 76. Rb4+ Kg3 77. Rb5 g4 78. Kb2 Ra2+ 79. Kb1 Rf2 80. Ra5 Rf4 81. Ra8 Kf3 82. Kb2 g3 83. Rg8 g2 84. Ka3 Rg4 85. Rf8+ Kg3 86. Rd8 g1=Q 87. Rd3+ Kf2 0-1


[Site "https://www.chess.com"]

[Event "Titled Tuesday Blitz November 22 Early 2022"]
[White "Vagman, Roy"]
[Black "Nugumanov, Bakhtiyar"]
[WhiteFideId "2828995"]
[BlackFideId "13701797"]
[WhiteElo "2174"]
[BlackElo "2287"]
[Result "1-0"]
[Round "07"]
[TimeControl "180+1"]
[Date "2022.11.23"]
[WhiteClock "0:01:06"]
[BlackClock "0:00:02"]

1. Nf3 d5 2. g3 Nf6 3. Bg2 e6 4. O-O c5 5. d3 Be7 6. Nbd2 Nc6 7. e4 O-O 8. e5 Nd7 9. Qe2 Qc7 10. Re1 b5 11. a4 bxa4 12. Rxa4 d4 13. Nc4 Bb7 14. Bg5 Nb6 15. Nxb6 axb6 16. Rxa8 Rxa8 17. Bxe7 Nxe7 18. Ng5 Bxg2 19. Qh5 Bd5 20. Qxh7+ Kf8 21. Qh8+ Ng8 22. Nh7+ Ke7 23. Qxg7 Qd8 24. f4 Qe8 25. Qg5+ Kd7 26. f5 Kc6 27. f6 Qd7 28. Qg7 Kb7 29. Ng5 Rc8 30. Nxf7 Rc7 31. Nd6+ Kc6 32. Qxg8 Qh7 33. Qa8+ Kd7 34. Qe8# 1-0


[Site "https://www.chess.com"]

[Event "Titled Tuesday Blitz November 22 Early 2022"]
[White "Vasques, Antonio Pedro Freixial"]
[Black "Ilkhomi, Jaloliddin"]
[WhiteFideId "1908332"]
[BlackFideId "14700948"]
[WhiteElo "2243"]
[BlackElo "2045"]
[Result "1-0"]
[Round "07"]
[TimeControl "180+1"]
[Date "2022.11.23"]
[WhiteClock "0:00:53"]
[BlackClock "0:00:01"]

1. e4 e6 2. d4 d5 3. Nc3 Bb4 4. e5 c5 5. a3 Bxc3+ 6. bxc3 Qa5 7. Bd2 Qa4 8. Nf3 c4 9. h4 Nc6 10. h5 Bd7 11. h6 gxh6 12. Nh2 O-O-O 13. Ra2 f6 14. Ng4 fxe5 15. dxe5 Nge7 16. f4 Nf5 17. Nxh6 Nxh6 18. Rxh6 d4 19. Qe2 b5 20. Qe4 dxc3 21. Bxc3 Kc7 22. g4 Rdf8 23. Bg2 b4 24. Qxc4 a5 25. f5 Rhg8 26. axb4 Qxa2 27. Qxa2 axb4 28. Bxc6 Bxc6 29. Qa7+ Bb7 30. Qc5+ Kb8 31. Qd6+ 1-0


[Site "https://www.chess.com"]

[Event "Titled Tuesday Blitz November 22 Early 2022"]
[White "Vifleemskaia, Svetlana"]
[Black "Nissinen, Niilo Man"]
[WhiteFideId "4129490"]
[BlackFideId "30950767"]
[WhiteElo "1929"]
[BlackElo "1896"]
[Result "1-0"]
[Round "07"]
[TimeControl "180+1"]
[Date "2022.11.23"]
[WhiteClock "0:00:41"]
[BlackClock "0:00:02"]

1. d4 Nf6 2. c4 g6 3. Nc3 d5 4. cxd5 Nxd5 5. Bd2 Bg7 6. e4 Nxc3 7. Bxc3 c5 8. d5 O-O 9. Qd2 e6 10. Bc4 a6 11. a4 b6 12. Nf3 exd5 13. Bxd5 Ra7 14. O-O Rd7 15. Bxg7 Kxg7 16. Qc3+ Kg8 17. b4 cxb4 18. Qxb4 Bb7 19. Bxb7 Rxb7 20. Rfd1 Qe7 21. Qxe7 Rxe7 22. Rd6 Rb7 23. Rad1 b5 24. axb5 axb5 25. Nd4 Rc8 26. f3 Kf8 27. e5 Ke7 28. Nb3 Rc3 29. R1d3 Rxd3 30. Rxd3 Na6 31. f4 Rd7 32. Rc3 b4 33. Rc6 Rd3 34. Na5 Nb8 35. Rb6 Nd7 36. Rxb4 Rd2 37. Nc6+ Ke6 38. Nd4+ Ke7 39. Nf3 Ra2 40. h3 Nf8 41. Ng5 1-0


[Site "https://www.chess.com"]

[Event "Titled Tuesday Blitz November 22 Early 2022"]
[White "Weetik, Vjacheslav"]
[Black "Bortnyk, Olexandr"]
[WhiteFideId "4153472"]
[BlackFideId "14120828"]
[WhiteElo "2469"]
[BlackElo "2723"]
[Result "0-1"]
[Round "07"]
[TimeControl "180+1"]
[Date "2022.11.22"]
[WhiteClock "0:00:03"]
[BlackClock "0:00:25"]

1. d4 d6 2. e4 Nf6 3. Nc3 Nbd7 4. g3 c5 5. Nge2 g6 6. Bg2 Bg7 7. O-O O-O 8. h3 Rb8 9. a4 cxd4 10. Nxd4 Ne5 11. f4 Nc6 12. Be3 Bd7 13. Nb3 Be6 14. Nd5 Rc8 15. c3 Bxd5 16. exd5 Na5 17. Nxa5 Qxa5 18. Re1 Rfe8 19. Bf2 Nd7 20. h4 Qc7 21. h5 a5 22. hxg6 hxg6 23. Bf3 Qc4 24. Kg2 Nc5 25. Re3 Qb3 26. Qxb3 Nxb3 27. Rae1 Rc7 28. Be2 Bf6 29. Bb5 Rec8 30. g4 g5 31. Bg3 Nd2 32. R1e2 Nc4 33. Re4 Nb6 34. Rd2 Rc5 35. fxg5 Bxg5 36. Rf2 Nxd5 37. Kh3 Kg7 38. Bd7 Rh8+ 39. Kg2 Nf6 40. Rxe7 Rc7 41. Bxd6 Rxd7 42. Rxf6 Rxe7 0-1


[Site "https://www.chess.com"]

[Event "Titled Tuesday Blitz November 22 Early 2022"]
[White "Winkels, Marcel"]
[Black "Rose, Felix"]
[WhiteFideId "1003887"]
[BlackFideId "5105722"]
[WhiteElo "1900"]
[BlackElo "2039"]
[Result "0-1"]
[Round "07"]
[TimeControl "180+1"]
[Date "2022.11.23"]
[WhiteClock "0:00:04"]
[BlackClock "0:00:17"]

1. d4 Nf6 2. Nc3 d5 3. Bf4 c5 4. e3 cxd4 5. exd4 a6 6. Nf3 Nc6 7. Bd3 Bg4 8. h3 Bxf3 9. Qxf3 Nxd4 10. Qe3 Nc6 11. Qf3 e5 12. Bg5 e4 13. Bxf6 gxf6 14. Nxe4 dxe4 15. Bxe4 Qa5+ 16. c3 Qe5 17. O-O-O Bh6+ 18. Kb1 O-O 19. Rhe1 Qf4 20. Qd3 Ne5 21. Qc2 Rfd8 22. Bxh7+ Kg7 23. Be4 Rab8 24. g3 Rxd1+ 25. Rxd1 Qg5 26. f4 Qxg3 27. fxe5 fxe5 28. a3 b5 29. Rd7 a5 30. Bd5 Rf8 31. Qe4 Bf4 32. Qf5 Qg6 33. Be4 Qxf5 34. Bxf5 b4 35. axb4 axb4 36. c4 Kf6 37. Bg4 Rc8 38. b3 e4 39. Kc2 Be5 40. Rd5 Bc3 41. Rf5+ Kg6 42. Rf4 Re8 43. Bf5+ Kg5 44. Rxe4 Kxf5 0-1


[Site "https://www.chess.com"]

[Event "Titled Tuesday Blitz November 22 Early 2022"]
[White "Xiong, Jeffery"]
[Black "Zhigalko, Sergei"]
[WhiteFideId "2047640"]
[BlackFideId "13502956"]
[WhiteElo "2725"]
[BlackElo "2662"]
[Result "1-0"]
[Round "07"]
[TimeControl "180+1"]
[Date "2022.11.22"]
[WhiteClock "0:00:16"]
[BlackClock "0:00:01"]

1. e4 c5 2. Nf3 Nc6 3. Nc3 Nf6 4. Bb5 Qc7 5. O-O Nd4 6. Re1 a6 7. Bf1 e5 8. Nd5 Nxd5 9. exd5 d6 10. b4 Be7 11. bxc5 Nxf3+ 12. Qxf3 Qxc5 13. Ba3 Qc7 14. d4 O-O 15. Bd3 Re8 16. Qg3 Bf6 17. dxe5 Bxe5 18. Bb2 Bd7 19. Qh4 g6 20. Bxe5 Rxe5 21. Rxe5 dxe5 22. Qf6 Re8 23. Rb1 b5 24. Qxa6 Rc8 25. Bxb5 Bxb5 26. Qxb5 Qxc2 27. h3 Qxa2 28. d6 Qd2 29. Qxe5 Rd8 30. Rb6 Qd1+ 31. Kh2 Qd3 32. Qe7 Rf8 33. d7 Ra8 34. Rd6 1-0


[Site "https://www.chess.com"]

[Event "Titled Tuesday Blitz November 22 Early 2022"]
[White "Yuan, Qingyu"]
[Black "Bashirli, Saadat"]
[WhiteFideId "8609772"]
[BlackFideId "13429990"]
[WhiteElo "2359"]
[BlackElo "1408"]
[Result "1-0"]
[Round "07"]
[TimeControl "180+1"]
[Date "2022.11.23"]
[WhiteClock "0:01:30"]
[BlackClock "0:01:38"]

1. e4 c5 2. Nf3 g6 3. d4 cxd4 4. Nxd4 Nc6 5. c4 Nf6 6. Nc3 Nxd4 7. Qxd4 d6 8. Be2 Bg7 9. Be3 O-O 10. Qd2 Ng4 11. Bxg4 Bxg4 12. Rc1 Be6 13. b3 Qa5 14. O-O Rfc8 15. Bd4 Qh5 16. h3 Bh6 17. Be3 Bg7 18. Bd4 Bh6 19. Be3 Bg7 20. Rfd1 Qh4 21. Bg5 Qh5 22. Bxe7 Bh6 23. f4 Bxh3 24. gxh3 Qxh3 25. Bg5 Bg7 26. Nd5 Re8 27. Qg2 Qxg2+ 28. Kxg2 Rxe4 29. Re1 Rae8 30. Kf1 h6 31. Bf6 Kh8 32. Rxe4 Rxe4 33. Re1 Rxe1+ 34. Kxe1 Bxf6 35. Nxf6 h5 36. Kf2 Kg7 37. Ne8+ Kf8 38. Nxd6 b6 39. Nc8 Ke8 40. Nxa7 Kd7 41. Nb5 Ke6 42. Nd4+ Kf6 43. b4 h4 44. a4 h3 45. a5 h2 46. Kg2 h1=Q+ 47. Kxh1 bxa5 48. bxa5 Ke7 49. a6 Kd6 50. a7 Kc5 51. a8=Q Kb4 52. Qb7+ Kc3 53. Nf3 Kd3 54. Qxf7 Kc3 55. Qxg6 Kb4 56. Qe4 Kc3 57. f5 Kb4 58. f6 Kc3 59. f7 Kb4 60. Kg2 Kc3 61. Kh2 Kb4 62. Kg3 Kc3 63. Kh3 Kb4 64. Kg4 Kc3 65. Kh4 Kb4 66. Kg5 Kc3 67. Kh5 Kb4 68. Kg6 Kc3 69. Kh6 Kb4 70. Kg7 Kc3 71. Kh7 Kb4 72. Kh8 Kc3 73. Kg8 Kb4 74. Kg7 Kc3 75. Kh8 Kb4 76. Ne5 Kc3 77. Kg8 Kb4 78. Nd7 Kc3 79. f8=Q Kb3 80. c5 Kc3 81. Qff3+ Kb2 82. Qee2+ Kb1 83. Qff1# 1-0


[Site "https://www.chess.com"]

[Event "Titled Tuesday Blitz November 22 Early 2022"]
[White "Yurasova, Daria"]
[Black "Shuvalova, Polina"]
[WhiteFideId "34146919"]
[BlackFideId "24171760"]
[WhiteElo "2097"]
[BlackElo "2342"]
[Result "1/2-1/2"]
[Round "07"]
[TimeControl "180+1"]
[Date "2022.11.23"]
[WhiteClock "0:00:08"]
[BlackClock "0:00:03"]

1. d4 Nf6 2. Bg5 d5 3. Bxf6 gxf6 4. e3 e5 5. g3 Be6 6. Bg2 c5 7. Ne2 Nc6 8. dxc5 Bxc5 9. O-O Qd7 10. Nd2 h5 11. Nb3 Bb6 12. h4 O-O-O 13. a4 a6 14. a5 Ba7 15. Nc3 Kb8 16. Na4 f5 17. Nac5 Qe7 18. Nxe6 fxe6 19. Qe2 e4 20. c4 Ne5 21. cxd5 Rxd5 22. Nd4 Bxd4 23. exd4 Rxd4 24. b4 Qd7 25. b5 axb5 26. a6 Rc8 27. axb7 Qxb7 28. Rfb1 b4 29. Qb2 Rcc4 30. Qe2 Nd3 31. Qxh5 Rc8 32. Qh6 Qb6 33. Bf1 Nxf2 34. Qf4+ Rd6 35. Qxf2 e3 36. Qf4 e2+ 37. Kh1 exf1=Q+ 38. Rxf1 Kb7 39. Rab1 Rd4 40. Qf3+ Qc6 41. Qxc6+ Rxc6 42. Rfe1 Kb6 43. Kg2 Kb5 44. Re5+ Rd5 45. Re3 Rd2+ 46. Kf3 Rd5 47. h5 Rd4 48. h6 Rd7 49. Re5+ Ka4 50. Re3 Rh7 51. Rh1 b3 52. g4 fxg4+ 53. Kxg4 b2 54. Re4+ Ka3 55. Kg5 Ka2 56. Ree1 Rc2 57. Kg6 Rh8 58. h7 Rg2+ 59. Kf6 b1=Q 60. Rxb1 Rxh7 61. Rxh7 Kxb1 62. Kxe6 Re2+ 63. Kd6 Rd2+ 64. Ke6 1/2-1/2


[Site "https://www.chess.com"]

[Event "Titled Tuesday Blitz November 22 Early 2022"]
[White "Yurovskykh, Oleksandr"]
[Black "Savic, Miroslav"]
[WhiteFideId "14134020"]
[BlackFideId "14508494"]
[WhiteElo "2265"]
[BlackElo "2209"]
[Result "1-0"]
[Round "07"]
[TimeControl "180+1"]
[Date "2022.11.23"]
[WhiteClock "0:00:07"]
[BlackClock "0:00:01"]

1. g3 Nf6 2. Bg2 e5 3. e4 Nc6 4. Ne2 d5 5. exd5 Nxd5 6. O-O Be6 7. Nbc3 Be7 8. d4 exd4 9. Nxd4 Nxc3 10. bxc3 Nxd4 11. cxd4 Bd5 12. Bxd5 Qxd5 13. Re1 Rd8 14. Ba3 Rd7 15. Qg4 g6 16. Bxe7 Rxe7 17. Qc8+ Qd8 18. Rxe7+ Kxe7 19. Qxb7 Qxd4 20. Qxc7+ Kf6 21. Re1 Rd8 22. c3 Qd6 23. Qxa7 Qd2 24. Qe3 Qd6 25. a4 Ra8 26. Ra1 Rd8 27. a5 Qa6 28. Qh6 Rd5 29. Qxh7 Rxa5 30. Qh8+ Ke6 31. Re1+ Kf5 32. Qh3+ 1-0


[Site "https://www.chess.com"]